 Dungeon Crawl Stone Soup version 0.18-a0-1730-g73f0523 (webtiles) character file.

35 M4edhros the Sneak (level 3, 0/23 HPs)
             Began as an Octopode Artificer on Apr 10, 2016.
             Succumbed to an adder's poison
             ... on level 2 of the Dungeon.
             The game lasted 00:00:42 (686 turns).

M4edhros the Sneak (Octopode Artificer)              Turns: 686, Time: 00:00:43

Health: 0/23       AC:  1    Str: 10    XL:     3   Next: 35%
Magic:  5/5        EV: 12    Int: 14    God:
Gold:   45         SH:  0    Dex: 13    Spells: 0 memorised, 2 levels left

rFire  . . .     SeeInvis .     e - +1 dagger (speed)
rCold  . . .     Gourm    .     (no shield)
rNeg   . . .     Faith    .     (helmet restricted)
rPois  .         Spirit   .     (no amulet)
rElec  .         Dismiss  .     (no ring)
rCorr  .         Reflect  .     (no ring)
SustAt .         Harm     .     (no ring)
MR     .....                    (no ring)
Stlth  ++++......               (no ring)
                                (no ring)
                                (no ring)
                                (no ring)

@: lethally poisoned (0 -> -6), not resistant to hostile enchantments, stealthy
A: almost no armour, amphibious, 8 rings, constrict 8, camouflage 1, gelatinous
body 1
a: no special abilities


You were on level 2 of the Dungeon.
You were not hungry.

You visited 1 branch of the dungeon, and saw 2 of its levels.

You collected 45 gold pieces.

Inventory:

Hand Weapons
 a - a +0 short sword
 e - a +1 dagger of speed (weapon)
Wands
 b - a wand of flame (13/48)
 c - a wand of enslavement (12/24)
 d - a wand of random effects (15/48)
Comestibles
 f - a bread ration
 g - 2 chunks of flesh


   Skills:
 - Level 1.0 Fighting
 - Level 1.0 Short Blades
 - Level 2.0 Dodging
 + Level 4.5 Stealth
 - Level 3.2 Evocations


You had 2 spell levels left.
You didn't know any spells.

Dungeon Overview and Level Annotations

Branches:
Dungeon (2/15)

Altars:


Innate Abilities, Weirdness & Mutations

You cannot wear most types of armour.
You are amphibious.
You can wear up to eight rings at the same time.
You can use your tentacles to constrict eight enemies at once.
Your skin changes colour to match your surroundings (Stealth).
Your rubbery body absorbs attacks (AC +1).


Message History

Press: ? - help, Shift-Dir - straight line, f/p - adder
Aim: an adder (chance to defeat MR: 62%)
The adder is charmed.
This wand has 12 charges left.
* * * LOW HITPOINT WARNING * * *
You feel sick.
You see here 10 stones.
You swap places.
* * * LOW HITPOINT WARNING * * *
You feel sick.
* * * LOW HITPOINT WARNING * * *
You feel sick.
* * * LOW HITPOINT WARNING * * *
You feel sick.
* * * LOW HITPOINT WARNING * * *
You feel sick.
You see here a bubbling blue potion.
h - a bubbling blue potion Drink which item? (? for menu, Esc to quit)
It was a potion of cancellation.
You feel magically purged.
You die...

#.#............#
#.#............#
#.#............#
...............+
#.#.<..........#
#.#............#
#.#............#
#.(....S@......#
#....########+##
#.#รท.# #.#..#
#.#).# #.#..# ###
#.#..#
..#######.#..######
...................


You could see a friendly adder.

Vanquished Creatures
  2 adders (D:2)
  An ooze (D:2)
  3 goblins
  3 hobgoblins
  2 jackals (D:1)
  A bat (D:1)
  A giant newt (D:2)
13 creatures vanquished.

Notes
Turn   | Place    | Note
--------------------------------------------------------------
     0 | D:1      | M4edhros the Octopode Artificer began the quest for the Orb.
     0 | D:1      | Reached XP level 1. HP: 13/13 MP: 3/3
    53 | D:1      | Reached skill level 2 in Stealth
   342 | D:1      | Reached skill level 3 in Stealth
   342 | D:1      | Reached XP level 2. HP: 10/18 MP: 4/4
   479 | D:2      | Reached skill level 4 in Stealth
   482 | D:2      | Reached XP level 3. HP: 15/23 MP: 5/5
   684 | D:2      | HP: 1/23 [poisoned by an adder]
   686 | D:2      | Succumbed to an adder's poison

Vault maps used:
D:1:      lemuel_arrival_hallway, serial_aquarium,
          aquarium_bridge_long_separate, aquarium_window_corridor_1,
          aquarium_window_2, aquarium_window_fake, aquarium_window_1,
          aquarium_view_2b, aquarium_view_2e, aquarium_balcony_1b,
          nemelex_xobeh_ov_fountains_minmay
D:2:      gammafunk_temple_overflow_elements, nicolae_overflow_hidden_temple,
          gammafunk_pakellas_spire_experiment

Skill      XL: |  1  2 |
---------------+-------+-----
Stealth        | 3 4 |  4.5
Fighting       | |  1.0
Short Blades   | |  1.0
Dodging        | |  2.0
Evocations     | |  3.2

Action                   || total
-------------------------++-------
Melee: Short sword       ||    37
       Dagger            ||     2
Evoke: Wand              ||     5
  Use: Potion            ||     1
 Stab: Sleeping          ||     1
